 Dungeon Crawl Stone Soup version 0.27.1-33-g824d729ab1 (webtiles) character file.

Game seed: 8269294074454921028

30949 raph the Tainter (level 13, -11/66 HPs)
             Began as a Deep Elf Venom Mage on Dec 6, 2021.
             Was the Champion of Hepliaklqana.
             Mangled by a komodo dragon (21 damage)
             ... on level 6 of the Lair of Beasts.
             The game lasted 00:52:36 (23355 turns).

raph the Tainter (Deep Elf Venom Mage)             Turns: 23355, Time: 00:52:36

Health: -11/66     AC: 11    Str:  5    XL:     13   Next: 23%
Magic:  26/28      EV: 20    Int: 26    God:    Hepliaklqana [******]
Gold:   365        SH:  7    Dex: 15    Spells: 3/30 levels left

rFire    + . .     SeeInvis .   a - +6 scimitar (flame)
rCold    + . .     Faith    .   q - +2 buckler
rNeg     . . .     Spirit   .   G - +1 robe {rC+}
rPois    .         Reflect  .   r - +1 helmet
rElec    .         Harm     .   e - +1 cloak {Stlth+}
rCorr    .         Rampage  .   k - +1 pair of gloves
Will     +....                  j - +1 pair of boots
Stlth    ++++......             M - amulet of the acrobat
HPRegen  0.21/turn              n - +4 ring of evasion
MPRegen  0.21/turn              P - ring of protection from fire

@: no status effects
A: reduced essence
a: Renounce Religion, Recall Ancestor, Ancestor Identity, Transference, Idealise


You were on level 6 of the Lair of Beasts.
You worshipped Hepliaklqana.
Hepliaklqana was exalted by your worship.
You visited 2 branches of the dungeon, and saw 16 of its levels.
You also visited: Ossuary.

You collected 878 gold pieces.
You spent 513 gold pieces at shops.

Inventory:

Hand Weapons
 a - a +6 scimitar of flaming (weapon)
 N - a +1 dagger of protection
Missiles
 t - 2 throwing nets
Armour
 d - a scarf of repulsion
 e - a +1 cloak of stealth (worn)
 j - a +1 pair of boots (worn)
 k - a +1 pair of gloves (worn)
 q - a +2 buckler (worn)
 r - a +1 helmet (worn)
 G - a +1 robe of cold resistance (worn)
Magical Staves
 b - a staff of poison
Jewellery
 i - a ring of fire
 n - a +4 ring of evasion (left hand)
 D - an amulet of regeneration
 F - a ring of ice
 H - a ring of protection from cold
 M - an amulet of the acrobat (around neck)
 P - a ring of protection from fire (right hand)
Wands
 m - a wand of flame (23)
 s - a wand of digging (5)
 x - a wand of polymorph (5)
 C - a wand of acid (6)
 E - a wand of paralysis (10)
 K - a wand of iceblast (10)
Scrolls
 h - 4 scrolls of amnesia
 l - 7 scrolls of teleportation
 w - a scroll of silence
 y - 2 scrolls of blinking
 B - a scroll of magic mapping
 J - 4 scrolls of identify
 O - a scroll of summoning
Potions
 c - 6 potions of curing
 f - 3 potions of haste
 g - 4 potions of brilliance
 o - 6 potions of heal wounds
 p - 4 potions of magic
 u - 3 potions of might
 v - a potion of lignification
 z - a potion of resistance
 A - a potion of berserk rage
 I - a potion of flight
 L - a potion of ambrosia


   Skills:
 - Level 5.7 Fighting
 + Level 5.0 Long Blades
 - Level 8.8 Dodging
 - Level 5.3 Stealth
 - Level 4.0 Shields
 - Level 9.1 Spellcasting
 * Level 12.1 Conjurations
 - Level 1.1 Transmutations
 - Level 7.3 Air Magic
 - Level 12.2 Poison Magic
 - Level 3.6 Invocations


You had 3 spell levels left.
You knew the following spells:

 Your Spells              Type           Power      Damage    Failure   Level
a - Sting                 Tmut/Pois      100%       1d8       1%          1
b - Poisonous Vapours     Pois/Air       100%       N/A       1%          2
c - Shock                 Conj/Air       100%       1d9       1%          1
d - Mephitic Cloud        Conj/Pois/Air  61%        N/A       1%          3
e - Olgreb's Toxic Radia  Pois           66%        N/A       1%          4
f - Swiftness             Air            50%        N/A       1%          3
g - Airstrike             Air            25%        N/A       2%          4
h - Lightning Bolt        Conj/Air       29%        1d45      2%          5
i - Summon Lightning Spi  Summ/Air       31%        N/A       11%         4

Your spell library contained the following spells:

 Spells                   Type           Power      Damage    Failure   Level
 Conjure Flame            Conj/Fire      43%        6-21      1%          3
 Ignite Poison            Fire/Tmut/Pois 34%        N/A       2%          3
 Corona                   Hex            12%        N/A       4%          1
 Ensorcelled Hibernation  Hex/Ice        22%        N/A       8%          2
 Summon Guardian Golem    Hex/Summ       11%        N/A       16%         3
 Tukima's Dance           Hex            11%        N/A       16%         3
 Sticky Flame             Conj/Fire      43%        2d6       4%          4
 Bolt of Magma            Conj/Fire/Erth 16%        4d9       26%         5
 Orb of Destruction       Conj           33%        9d12      28%         7
 Spellforged Servitor     Conj/Summ      21%        N/A       98%         7
 Dispersal                Tloc           5%         N/A       100%        6
 Disjunction              Tloc           5%         N/A       100%        8


Dungeon Overview and Level Annotations

Branches:
Dungeon (10/15)            Temple (0/1) D:4            Lair (6/6) D:10
 Shoals (0/4) Lair:4        Snake (0/4) Lair:4      Ossuary (visited)
  Slime: Lair:5-6       Orc: D:9-12

Altars:
Cheibriados
Fedhas
Gozag
Hepliaklqana
Kikubaaqudgha
Sif Muna
Uskayaw
Wu Jian
The Shining One

Shops:
D:5 [   D:7 *[[


Message History

The yak looks even sicker.
Your toxic aura wanes.
The yak closely misses you.
Xiloxoch blocks the yak's attack.
Xiloxoch hits the yak with a +0 flail!!
You climb upwards.
There is a stone staircase leading down, spattered with blood here.
You slash the yak! You burn the yak.
The yak is heavily wounded.
You block the yak's attack.
Xiloxoch hits the yak with a +0 flail.
You slash the yak! You burn the yak.
The yak is almost dead.
The yak barely misses you.
You riposte.
You barely miss the yak.
The yak is almost dead.
Xiloxoch hits the yak with a +0 flail.
You hit the yak but do no damage.
The yak is almost dead.
You kill the yak!
You climb downwards.
You kill the yak!
The komodo dragon bites you!
The seven-headed hydra completely misses you.
The seven-headed hydra bites you.
The seven-headed hydra completely misses you.
The seven-headed hydra bites you but does no damage.
The seven-headed hydra bites you!
You block the seven-headed hydra's attack.
The seven-headed hydra completely misses you.
The komodo dragon bites you!
There is a stone staircase leading up, spattered with blood here.
You are too injured to fight recklessly!
The seven-headed hydra closely misses you.
The seven-headed hydra bites you. x2
The seven-headed hydra bites you but does no damage.
The seven-headed hydra bites you!
* * * LOW HITPOINT WARNING * * *
The seven-headed hydra misses you.
The seven-headed hydra bites you but does no damage.
Xiloxoch closely misses the seven-headed hydra.
The komodo dragon bites you!!
You die...

####.##
.##≈...≈#
....≈÷≈≈###
...≈≈≈≈≈..##
..≈≈≈≈≈≈...#
.≈≈≈≈≈≈....##
.≈≈≈≈≈RDl...##
.≈≈≈≈≈.@†....#
.≈≈≈≈≈≈........
.≈≈≈≈≈≈≈.PP..#.
#.≈≈≈÷.S.......
.#.............
..#............
. .............
...###........


You could see the friendly Xiloxoch the knight, a seven-headed hydra, a komodo
dragon (poisoned, ally target) and a water moccasin.

Vanquished Creatures
  2 hydras
  Urug (Lair:3)
  3 black mambas
  2 elephants
  A cane toad (Lair:4)
  A rime drake (Lair:4)
  2 komodo dragons
  2 polar bears (Lair:4)
  9 blink frogs
  2 shadows (D:9)
  A wraith (D:10)
  Sigmund (D:2)
  25 yaks
  3 wyverns
  2 basilisks
  A naga (Lair:4)
  7 water moccasins
  2 black bears
  2 ice beasts
  2 sky beasts
  4 orc warriors
  A necrophage (D:4)
  17 wolves
  A centaur (D:9)
  A scorpion (D:5)
  A gnoll sergeant (D:7)
  5 bullfrogs
  2 water moccasin skeletons
  3 killer bees (D:9)
  12 wights
  2 electric eels
  A human zombie (Ossuary)
  3 hounds
  A jelly (D:7)
  2 orc priests
  2 bullfrog skeletons (D:5)
  6 orc wizards
  4 iguanas
  3 hell rats (Lair:3)
  Terence (D:3)
  A howler monkey zombie (D:9)
  A mummy (Ossuary)
  An ancestor (D:6)
  8 gnolls
  2 river rats (Lair:3)
  6 adders
  3 ufetubi
  An adder zombie (Ossuary)
  2 worms
  2 dart slugs
  31 orcs
  8 ball pythons
  4 bats
  11 endoplasms
  4 giant cockroaches
  5 goblins
  3 hobgoblins
  4 jackals
  16 kobolds
  4 quokkas
  3 frilled lizards
  A goblin zombie (Ossuary)
  10 hobgoblin zombies (Ossuary)
  4 kobold zombies (Ossuary)
  7 orc zombies (Ossuary)
  15 rats
  A rat zombie (Ossuary)
  A butterfly (Lair:3)
302 creatures vanquished.

Vanquished Creatures (collateral kills)
  Fannar (Lair:2)
  5 hydras
  3 elephants
  2 black mambas
  A torpor snail (Lair:5)
  2 cane toads
  A komodo dragon (Lair:4)
  A troll (D:10)
  A meliai zombie (D:10)
  A snapping turtle (Lair:4)
  A shadow (D:10)
  21 yaks
  A steam dragon (D:10)
  Edmund (D:5)
  3 water moccasins
  2 sky beasts (D:7)
  9 wolves
  2 phantoms
  2 kobold brigands
  An elf zombie (Ossuary)
  11 bullfrogs
  A scorpion (D:7)
  A wyvern skeleton (D:7)
  2 killer bees (D:9)
  3 wights
  A howler monkey (D:9)
  A centaur zombie (Ossuary)
  2 hounds
  2 orc priests
  3 orc wizards
  2 hell rats (Lair:3)
  A killer bee zombie (D:6)
  A hound skeleton (D:5)
  A mummy (Ossuary)
  2 howler monkey zombies
  A howler monkey skeleton (D:7)
  3 adders
  3 gnolls
  2 river rats (Lair:3)
  A shadow imp (D:6)
  2 white imps
  5 orcs
  2 endoplasms (D:4)
  A hobgoblin (D:4)
  A quokka (D:5)
  2 goblin zombies (Ossuary)
  4 hobgoblin zombies (Ossuary)
  3 kobold zombies (Ossuary)
  2 rats (Lair:3)
  A rat zombie (Ossuary)
128 creatures vanquished.

Vanquished Creatures (others)
  2 knights
  An ancestor (D:5)
  16 fungi
  16 plants
35 creatures vanquished.

Grand Total: 465 creatures vanquished

Notes
Turn   | Place    | Note
-------+----------+-------------------------------------------
     0 | D:1      | raph the Deep Elf Venom Mage began the quest for the Orb.
     0 | D:1      | Reached XP level 1. HP: 10/10 MP: 6/6
   441 | D:1      | Reached XP level 2. HP: 15/15 MP: 5/8
   673 | D:1      | Learned a level 2 spell: Poisonous Vapours
   675 | D:1      | Learned a level 1 spell: Shock
  1877 | D:2      | Reached XP level 3. HP: 19/19 MP: 7/9
  1881 | D:2      | Learned a level 3 spell: Mephitic Cloud
  2314 | D:2      | Found a faded altar of an unknown god.
  2373 | D:2      | Found a hazy altar of Hepliaklqana.
  2379 | D:2      | Became a worshipper of Hepliaklqana the Forgotten
  2544 | D:2      | Noticed Sigmund
  2581 | D:2      | Reached skill level 5 in Poison Magic
  2792 | D:2      | Reached skill level 1 in Conjurations
  2792 | D:2      | Reached skill level 1 in Air Magic
  2792 | D:2      | Reached XP level 4. HP: 24/24 MP: 3/10
  3805 | D:3      | Noticed Terence
  3810 | D:3      | Killed Terence
  3929 | D:3      | Reached XP level 5. HP: 28/28 MP: 7/11
  4179 | D:3      | Identified a scroll of acquirement
  4179 | D:3      | Acquired a +1 cloak of stealth
  4867 | D:4      | Reached * piety under Hepliaklqana
  5349 | D:4      | Learned a level 4 spell: Olgreb's Toxic Radiance
  5372 | D:4      | Found a staircase to the Ecumenical Temple.
  5482 | D:4      | Reached XP level 6. HP: 28/28 MP: 7/13
  6204 | D:2      | Killed Sigmund
  6205 | D:2      | Reached skill level 1 in Fighting
  6409 | D:2      | Reached XP level 7. HP: 34/34 MP: 5/15
  7122 | D:5      | Entered Level 5 of the Dungeon
  7122 | D:5      | Noticed Edmund
  7244 | D:5      | Killed Edmund
  7291 | D:5      | Reached skill level 5 in Spellcasting
  7384 | D:5      | Found an ancient bone altar of Kikubaaqudgha.
  7639 | D:5      | Reached XP level 8. HP: 33/39 MP: 11/17
  7693 | D:5      | Learned a level 3 spell: Swiftness
  7778 | D:5      | Found Jigaetz Qifo's Antique Armour Emporium.
  7853 | D:5      | Found a snail-covered altar of Cheibriados.
  8572 | D:6      | Found a glowing golden altar of the Shining One.
  8578 | D:6      | Reached ** piety under Hepliaklqana
  8579 | D:6      | Remembered your ancestor Xiloxoch as a knight
  8841 | D:6      | Learned a level 4 spell: Airstrike
  9064 | D:6      | Reached skill level 5 in Dodging
  9649 | D:7      | Reached XP level 9. HP: 23/45 MP: 11/20
  9946 | D:7      | Found Suneyjy's Armour Emporium.
 10132 | D:7      | Found Nowket's Assorted Antiques.
 10139 | D:7      | Bought a pair of encrusted gloves for 218 gold pieces
 10139 | D:7      | Identified the +2 pair of gloves "Poilus" {Rampage Will+
                  | Str+2 Int-5} (You bought it in a shop on level 7 of the
                  | Dungeon)
 10139 | D:7      | Bought a helmet for 103 gold pieces
 10158 | D:7      | Reached skill level 5 in Air Magic
 10312 | D:7      | Found a shimmering blue altar of Sif Muna.
 10400 | D:7      | Found Lyd Jukh's Antique Armour Shop.
 10989 | D:8      | Found a sand-covered staircase.
 10999 | Ossuary  | Entered an ossuary
 11653 | Ossuary  | Reached skill level 1 in Shields
 12079 | D:8      | Found a hazy altar of Hepliaklqana.
 12080 | D:8      | Found a hide-covered altar of Uskayaw.
 12703 | D:8      | Reached skill level 10 in Poison Magic
 12835 | D:8      | Reached *** piety under Hepliaklqana
 13314 | D:9      | Reached XP level 10. HP: 50/50 MP: 18/23
 13957 | D:9      | Reached **** piety under Hepliaklqana
 13961 | D:9      | Found an ornate altar of the Wu Jian Council.
 14501 | D:10     | Entered Level 10 of the Dungeon
 14544 | D:10     | Found an opulent altar of Gozag.
 14835 | D:10     | Found a blossoming altar of Fedhas.
 15602 | D:10     | Reached skill level 1 in Long Blades
 15603 | D:10     | Reached XP level 11. HP: 55/55 MP: 14/25
 15619 | D:10     | Reached skill level 1 in Invocations
 15885 | D:10     | Found a staircase to the Lair.
 16135 | Lair:1   | Entered Level 1 of the Lair of Beasts
 16144 | Lair:1   | Reached skill level 5 in Fighting
 16313 | D:7      | Bought a scroll of enchant armour for 172 gold pieces
 16544 | Lair:1   | Reached ***** piety under Hepliaklqana
 16567 | Lair:1   | Noticed a six-headed hydra
 16573 | Lair:1   | Killed a six-headed hydra
 16694 | Lair:1   | Noticed a seven-headed hydra
 16700 | Lair:1   | Killed a seven-headed hydra
 17144 | Lair:2   | Noticed Fannar
 17149 | Lair:2   | Killed Fannar
 17369 | D:7      | Bought a bubbling grey potion for 20 gold pieces
 18188 | Lair:3   | Reached skill level 5 in Stealth
 18339 | Lair:3   | Reached XP level 12. HP: 34/62 MP: 9/27
 19111 | Lair:3   | Noticed Urug
 19189 | Lair:3   | Killed Urug
 19190 | Lair:3   | Reached skill level 5 in Conjurations
 19967 | Lair:4   | Noticed a six-headed hydra
 19971 | Lair:4   | Killed a six-headed hydra
 20335 | Lair:4   | Reached skill level 10 in Conjurations
 20492 | Lair:4   | Noticed a six-headed hydra
 20507 | Lair:4   | Killed a five-headed hydra
 21003 | Lair:4   | Found a staircase to the Shoals.
 21003 | Lair:4   | Noticed an eight-headed hydra
 21009 | Lair:4   | Killed an eight-headed hydra
 21170 | Lair:4   | Reached XP level 13. HP: 66/66 MP: 19/28
 21313 | Lair:4   | Found a staircase to the Snake Pit.
 21790 | Lair:4   | Learned a level 5 spell: Lightning Bolt
 22339 | Lair:5   | Learned a level 4 spell: Summon Lightning Spire
 22460 | Lair:5   | Reached ****** piety under Hepliaklqana
 22511 | Lair:5   | Identified the +1 robe "Xicixod" {Dex+4}
 22769 | Lair:6   | Entered Level 6 of the Lair of Beasts
 23130 | Lair:5   | Reached skill level 5 in Long Blades
 23355 | Lair:6   | Mangled by a komodo dragon

Illustrated notes

Levels and vault maps discovered:
D:1:      dpeg_arrival_line_fractal, layout_basic, kennysheep_pointless_box
D:2:      cheibrodos_pilgrimage, layout_basic,
          chequers_ecumenical_altar_simple_redux, basic_altar, uniq_sigmund
D:3:      layout_basic, minmay_bisected, uniq_terence
D:4:      layout_loops_ring, temple_fountains, minmay_unequal
D:5:      layout_cave_pools, kiku_gazebo_pond_becter, lemuel_round_altar,
          serial_shops, kennysheep_little_box, minmay_quadrilaterals,
          uniq_edmund
D:6:      layout_loops_ring, mainiacjoe_overflow_cross_hatched,
          serial_bayou_pond_e
D:7:      layout_cave_pools, led_sif_pool, serial_shops,
          nicolae_shop_statue_plus, shop, shop
D:8:      layout_gridville, gammafunk_temple_overflow_statue,
          lightli_ossuary_entry_decrepit_ruins
D:9:      layout_long_grid, mainiacjoe_overflow_24_doors
D:10:     layout_loops_corners, fedhas_altar_1, mainiacjoe_overflow_alcove_1,
          erik_lair_island
Lair:1:   layout_cave_shapes
Lair:2:   layout_big_grid, uniq_fannar
Lair:3:   layout_regular_city, kennysheep_abandoned_house, grunt_megastairs_3,
          lemuel_fruit_fields, uniq_urug
Lair:4:   layout_cave_pods, minmay_shoals_entry_hut, guppyfry_snake_entry_island
Lair:5:   layout_regular_city, serial_bayou_shore_b, infiniplex_staircase_pool_2
Lair:6:   minmay_lair_end_enchanted_forest, layout_loops_ring, slime_altar_1,
          chequers_serial_rivers_large_a, bobbens_dragon_lair_wall,
          lemuel_fruit_tree, infiniplex_staircase_pool

Skill      XL: |  1  2  3  4  5  6  7  8  9 10 11 12 13 |
---------------+----------------------------------------+-----
Poison Magic   | 4 5 6 7 8 10 11 12 | 12.2
Conjurations   | 1 2 3 11 12 | 12.1
Air Magic      | 1 2 3 4 5 6 7 |  7.3
Spellcasting   | 4 5 6 7 8 9 |  9.1
Fighting       | 1 2 3 4 5 |  5.7
Dodging        | 3 4 5 6 7 8 |  8.8
Shields        | 2 4 |  4.0
Long Blades    | 1 4 5 |  5.0
Invocations    | 3 |  3.6
Stealth        | 5 |  5.3
Transmutations | |  1.1

Action                   |  1- 3 |  4- 6 |  7- 9 | 10-12 | 13-15 || total
-------------------------+-------+-------+-------+-------+-------++-------
Melee: Dagger            |     6 |    34 |    90 |       |       ||   130
       Scimitar          |       |       |    10 |    81 |    23 ||   114
       Staff             |       |       |       |       |     1 ||     1
 Cast: Sting             |    46 |    40 |    34 |     9 |     1 ||   130
       Poisonous Vapours |    25 |    39 |    24 |    19 |       ||   107
       Shock             |     6 |    20 |   112 |     6 |       ||   144
       Mephitic Cloud    |       |     4 |     7 |    10 |       ||    21
       Olgreb's Toxic Ra |       |     2 |    24 |    48 |     5 ||    79
       Airstrike         |       |       |    23 |   118 |    20 ||   161
       Swiftness         |       |       |     2 |     2 |     1 ||     5
       Lightning Bolt    |       |       |       |       |     4 ||     4
Invok: Recall Ancestor   |       |       |     4 |     1 |     1 ||     6
       Ancestor Life: Kn |       |       |     1 |       |       ||     1
Evoke: Wand              |       |       |     3 |       |       ||     3
  Use: Potion            |     1 |       |       |       |       ||     1
       Scroll            |       |     7 |    10 |    11 |       ||    28
 Stab: Sleeping          |       |       |     2 |     1 |       ||     3
       Confused          |       |       |       |     1 |       ||     1
       Distracted        |       |       |       |     2 |       ||     2
Armor: Robe              |     6 |    17 |    25 |    22 |    14 ||    84
Dodge: Dodged            |    18 |    37 |   100 |   138 |    54 ||   347
Block: Buckler           |       |       |    21 |    49 |    12 ||    82
       Rpst.: Scimitar   |       |       |     5 |    36 |     8 ||    49
